 Dungeon Crawl Stone Soup version 0.27-a0-1154-gfdeffcb720 (webtiles) character file.

Game seed: 4853965087686140245

75139 Froggeryz the Brawler (level 15, -7/116 HPs)
             Began as a Ghoul Delver on May 14, 2021.
             Was the Champion of Ru.
             Mangled by Rupert
             ... wielding a +0 vorpal great mace
              (33 damage)
             ... on level 13 of the Dungeon.
             The game lasted 00:45:45 (24791 turns).

Froggeryz the Brawler (Ghoul Delver)               Turns: 24791, Time: 00:45:45

Health: -7/116     AC: 13    Str: 21    XL:     15   Next: 49%
Magic:  9/12       EV: 17    Int: 13    God:    Ru [******]
Gold:   2091       SH:  0    Dex: 10    Spells: 14/14 levels left

rFire    + . .     SeeInvis .     - Unarmed
rCold    + . .     Faith    .   (no shield)
rNeg     + + +     Spirit   .   y - +0 acid dragon scales
rPois    ∞         Reflect  .   M - +2 helmet
rElec    .         Harm     .   r - +0 cloak of Tuvom {Rampage rCorr Int+6}
rCorr    +         Rampage  +   (no gloves)
Will     +....                  x - +0 pair of boots
Stlth    ..........             q - amulet of regeneration
HPRegen  0.00/turn              H - +4 ring of evasion
MPRegen  0.13/turn              s - ring of protection from fire

@: exhausted, studying 2 skills
A: claws 1, cold resistance 1, frail 1, low mp 1, negative energy resistance 3,
inhibited regeneration, torment resistance 2, no stealth, inability to use
devices, no conjurations magic, no fire magic, no hexes magic
a: Renounce Religion, Draw Out Power, Power Leap, Apocalypse


You were on level 13 of the Dungeon.
You worshipped Ru.
Ru was exalted by your worship.
You visited 3 branches of the dungeon, and saw 20 of its levels.
You also visited: Ossuary, Gauntlet and Ice Cave.

You collected 2305 gold pieces.
You spent 214 gold pieces at shops.

Inventory:

Hand Weapons
 B - the +5 hunting sling of Hospitality {vorpal, rF+ Str+7}
   (You bought it in a shop on level 8 of the Dungeon)

   Any stone fired from it inflicts extra damage.
   It affects your strength (+7).
   It protects you from fire.
Missiles
 o - 15 curare-tipped darts (quivered)
 z - 5 throwing nets
 C - 195 sling bullets
 D - 862 stones
 E - 20 javelins
Armour
 r - the +0 cloak of Tuvom (worn) {Rampage rCorr Int+6}
   (You acquired it on level 2 of the Lair of Beasts)

   It affects your intelligence (+6).
   It protects you from acid and corrosion.
   It bestows one free step when moving towards enemies.
 x - a +0 pair of boots (worn)
 y - +0 acid dragon scales (worn)
 J - a +0 buckler of cold resistance
 M - a +2 helmet (worn)
Jewellery
 q - an amulet of regeneration (around neck)
 s - a ring of protection from fire (right claw)
 F - the ring of Ycluvvin {rCorr MP+9}
   (You found it on level 9 of the Dungeon)

   [ring of magical power]

   It affects your magic capacity (+9).
   It protects you from acid and corrosion.
 G - a ring of ice
 H - a +4 ring of evasion (left claw)
Scrolls
 b - 2 scrolls of fog
 c - 6 scrolls of magic mapping
 d - 3 scrolls of fear
 f - a scroll of blinking {unknown}
 l - 3 scrolls of teleportation
 m - a scroll of enchant weapon {unknown}
 p - 7 scrolls of identify
 t - 2 scrolls of summoning
 w - a scroll of silence
 A - 4 scrolls of enchant armour
 K - 2 scrolls of immolation
 L - a scroll of amnesia {unknown}
Potions
 a - 2 potions of might
 e - 2 potions of magic
 g - 3 potions of curing
 h - 8 potions of flight
 i - a potion of ambrosia
 j - a potion of invisibility {unknown}
 k - 3 potions of brilliance
 n - a potion of mutation {unknown}
 u - 2 potions of resistance {unknown}
 I - a potion of haste


   Skills:
 - Level 11.0 Fighting
 + Level 6.9 Armour
 - Level 6.1 Dodging
 + Level 10.1 Shields
 + Level 20.7 Unarmed Combat


You had 14 spell levels left.
You didn't know any spells.
Your spell library contained the following spells:

 Spells                   Type           Power      Damage    Failure   Level
 Apportation              Tloc           0%         N/A       36%         1
 Blink                    Tloc           N/A        N/A       50%         2
 Call Imp                 Summ           0%         N/A       50%         2
 Lesser Beckoning         Tloc           0%         N/A       75%         3
 Animate Dead             Necr           0%         N/A       98%         4
 Alistair's Intoxication  Tmut/Pois      0%         N/A       100%        5
 Borgnjor's Vile Clutch   Necr/Erth      0%         N/A       100%        5
 Death Channel            Necr           0%         N/A       100%        6
 Simulacrum               Ice/Necr       0%         N/A       100%        6
 Corona                   Hex            Unusable   N/A       N/A         1
 Magic Dart               Conj           Unusable   1d3       N/A         1
 Ensorcelled Hibernation  Hex/Ice        Unusable   N/A       N/A         2
 Slow                     Hex            Unusable   N/A       N/A         2
 Confusing Touch          Hex            Unusable   N/A       N/A         3
 Conjure Flame            Conj/Fire      Unusable   6-21      N/A         3
 Dazzling Flash           Conj/Hex       Unusable   N/A       N/A         3
 Mephitic Cloud           Conj/Pois/Air  Unusable   N/A       N/A         3
 Tukima's Dance           Hex            Unusable   N/A       N/A         3
 Invisibility             Hex            Unusable   N/A       N/A         6

Dungeon Overview and Level Annotations

Branches:
Dungeon (13/15)            Temple (1/1) D:6            Lair (6/6) D:11
 Shoals (0/4) Lair:3       Spider (0/4) Lair:2        Slime (0/5) Lair:6
    Orc (0/2) D:10        Ossuary (visited)           IceCv (visited)
Gauntlet (visited)
 Vaults: D:13-14

Altars:
Ashenzari
Cheibriados
Dithmenos
Elyvilon
Fedhas
Gozag
Hepliaklqana
Kikubaaqudgha
Makhleb
Nemelex Xobeh
Okawaru
Qazlal
Ru
Sif Muna
Trog
Uskayaw
Vehumet
Wu Jian
Xom
Yredelemnul
Zin
The Shining One

Shops:
D:4 *   D:8 (((:   D:9 (

Annotations:
D:5 1 runed translucent door
D:13 Rupert
Lair:2 2 transporters, crabbyslav's ghost, journeyman MiHu
Lair:3 exclusion: oklob plant
Lair:5 exclusion: 2 oklob plants


Innate Abilities, Weirdness & Mutations

You thrive by killing the living.
You are immune to poison.
You have sharp fingernails.
Your flesh is cold resistant. (rC+)
You are frail. (-10% HP)
Your magical capacity is low. (-10% MP)
You are immune to negative energy. (rN+++)
You do not regenerate when monsters are visible.
You are immune to unholy pain and torment.
You cannot be stealthy.
You cannot study or use magical devices.
You cannot study or cast Conjurations magic.
You cannot study or cast Fire magic.
You cannot study or cast Hexes magic.


Message History

No target in view!
No target in view!
You start resting.
HP restored.
Rupert shouts!
Rupert is nearby!
All monsters which could be auto-targeted are covered by a wall or statue which interrupts your line of fire, even though it doesn't interrupt your line of sight.
Aiming: Power Leap
Press: ? - help, Dir - move target You redirect Rupert's attack!
Rupert barely misses himself.
Rupert misses you.
Rupert roars madly and goes into a rage!
Rupert goes berserk!
Rupert hits you with a +0 vorpal great mace!!
You focus your inner power and slow Rupert in retribution!
Rupert misses you. Rupert closely misses you.
You redirect Rupert's attack!
Rupert barely misses himself.
Rupert hits you with a +0 vorpal great mace.
Rupert misses you.
Rupert hits you with a +0 vorpal great mace.
You focus your inner power and illuminate Rupert in retribution!
Rupert is no longer moving slowly.
Rupert is stunned by your conviction and fails to attack.
Rupert closely misses you. Rupert barely misses you.
Rupert stops glowing.
Rupert barely misses you.
Rupert hits you with a +0 vorpal great mace!!
Rupert misses you. Rupert closely misses you.
Rupert hits you with a +0 vorpal great mace!
* * * LOW HITPOINT WARNING * * *
x2 Rupert misses you.
Okay, then.
Okay, then.
Okay, then.
Unknown command.
Rupert hits you with a +0 vorpal great mace!!
You die...

#.@c####..# #....#.#
#.#### .# ......# #....#
###...## #.##.# #...#..###
#.##.## #. ####........#
####..# #.###
##...........#
##.####...###..#.#)......#
#...# ##...@....#####>.##
###.##...###@#### ##.....#
#.....#.##..# ##.#.#
######...###....## .#
#......#..##....# .
<.#######.##.##.# #. .##
#....##. ## ..# ##...###
..# ##.#.## ..# ##..#..#


You could see Rupert (berserk).

Vanquished Creatures
  A stone giant (D:12)
  A minotaur (Gauntlet)
  Snorg (Lair:5)
  A green death (Gauntlet)
  4 boulder beetles
  An ice dragon (Lair:6)
  5 hydras
  A catoblepas (Lair:3)
  2 centaur warriors
  3 two-headed ogres
  4 death yaks (Lair:6)
  Sonja (Lair:3)
  A phantasmal warrior (D:12)
  The ghost of Pagrax the Cleaver, a novice MiBe of Trog (D:5)
  2 lindwurms (Lair:6)
  An obsidian statue (Gauntlet)
  A deep elf pyromancer (D:12)
  4 oklob plants
  2 ugly things (D:12)
  A cyclops (D:12)
  2 manticores
  6 elephants (Lair:6)
  Maurice (D:8)
  7 torpor snails
  7 black mambas
  An ice statue (IceCv)
  13 cane toads
  5 gargoyles
  3 unseen horrors
  Maggie (D:7)
  A kobold demonologist (D:12)
  2 rime drakes (D:12)
  10 freezing wraiths (IceCv)
  12 komodo dragons
  A polar bear (Lair:5)
  5 trolls
  A meliai (D:12)
  A snapping turtle (Lair:3)
  4 tyrant leeches (Lair:6)
  7 hornets (Lair:6)
  The ghost of Gilette the Digger, an amateur GnEE (D:4)
  10 dream sheep (Lair:6)
  9 slime creatures
  23 blink frogs
  Sigmund (D:3)
  3 shadows
  3 wraiths (D:12)
  6 wyverns
  32 yaks
  5 basilisks
  A vampire mosquito (D:12)
  24 water moccasins
  3 acid dragons
  A floating eye (shapeshifter) (D:12)
  Purgy (D:3)
  A sky beast (D:7)
  An alligator simulacrum (IceCv)
  12 orc warriors
  2 black bears
  7 ice beasts
  A boggart (D:12)
  5 ogres
  3 necrophages (D:9)
  9 centaurs
  25 wolves
  5 kobold brigands
  A phantom (D:6)
  8 bullfrogs
  6 gnoll sergeants
  2 scorpions
  A wyvern skeleton (D:7)
  A water moccasin skeleton (D:5)
  4 killer bees (D:7)
  7 wights
  A swamp dragon simulacrum (IceCv)
  4 electric eels
  A howler monkey (D:3)
  5 centaur zombies
  6 hounds
  5 draconian simulacra (IceCv)
  A human zombie (D:9)
  A jelly (D:6)
  Crazy Yiuf (D:3)
  12 orc priests
  A bullfrog skeleton (D:6)
  2 gnoll shamans (D:8)
  A centaur skeleton (D:5)
  Jessica (D:3)
  An iguana (D:7)
  Natasha (thrice) (D:3)
  6 orc wizards
  10 hell rats (Lair:3)
  4 troll simulacra (IceCv)
  A killer bee zombie (D:9)
  2 wolf simulacra (IceCv)
  5 centaur simulacra (IceCv)
  A hound skeleton (D:4)
  4 mummies
  4 howler monkey zombies (D:9)
  A howler monkey skeleton (D:7)
  19 gnolls
  7 adders
  4 naga simulacra (IceCv)
  2 ogre simulacra (IceCv)
  A river rat (D:5)
  15 white imps
  2 ufetubi
  6 worms
  3 dart slugs
  27 orcs
  5 endoplasms
  2 giant cockroaches (D:4)
  12 hobgoblins
  11 jackals
  6 quokkas
  7 ball pythons
  7 bats
  3 frilled lizards
  2 gnoll zombies (Ossuary)
  9 goblins
  A goblin zombie (D:5)
  A hobgoblin zombie (D:5)
  21 kobolds
  2 kobold zombies (Ossuary)
  3 orc zombies (Ossuary)
  5 rats
619 creatures vanquished.

Vanquished Creatures (others)
  A hydra (D:12)
  A death yak (Lair:6)
  A necromancer (IceCv)
  A blink frog (Lair:2)
  An ogre (D:10)
  A centaur (D:10)
  20 fungi
  58 plants
  A withered plant (Gauntlet)
85 creatures vanquished.

Grand Total: 704 creatures vanquished

Notes
Turn   | Place    | Note
-------+----------+-------------------------------------------
     0 | D:5      | Froggeryz the Ghoul Delver began the quest for the Orb.
     0 | D:5      | Reached XP level 1. HP: 19/19 MP: 0/0
    72 | D:5      | Reached skill level 3 in Unarmed Combat
    72 | D:5      | Reached XP level 2. HP: 12/26 MP: 1/1
   105 | D:5      | Found a sand-covered staircase.
   134 | Ossuary  | Entered an ossuary
   497 | Ossuary  | Reached XP level 3. HP: 8/31 MP: 2/2
   760 | Ossuary  | Reached skill level 4 in Unarmed Combat
  1023 | D:4      | Noticed a scorpion
  1029 | D:4      | Found a large runed translucent door.
  1029 | D:4      | Found a large runed translucent door.
  1030 | D:4      | Noticed Gilette's ghost (amateur GnEE)
  1080 | D:3      | Noticed Jessica
  1602 | D:1      | Found a faded altar of an unknown god.
  1994 | D:1      | Reached XP level 4. HP: 38/38 MP: 3/3
  2489 | D:2      | Reached skill level 5 in Unarmed Combat
  3052 | D:3      | Reached XP level 5. HP: 44/45 MP: 4/4
  3194 | D:3      | Noticed Purgy
  3207 | D:3      | Killed Purgy
  3208 | D:3      | Reached skill level 6 in Unarmed Combat
  3220 | D:3      | Found a broken altar of Ashenzari.
  3267 | D:3      | Noticed Sigmund
  3269 | D:3      | Noticed Natasha
  3321 | D:3      | Killed Jessica
  3322 | D:3      | Reached XP level 6. HP: 51/51 MP: 5/5
  3397 | D:3      | Killed Sigmund
  3398 | D:3      | Reached skill level 7 in Unarmed Combat
  3531 | D:3      | Found a runed translucent door.
  3532 | D:3      | Noticed Crazy Yiuf
  4055 | D:3      | Reached skill level 8 in Unarmed Combat
  4055 | D:3      | Reached XP level 7. HP: 57/57 MP: 6/6
  4078 | D:3      | Killed Crazy Yiuf
  4165 | D:3      | Killed Natasha
  4308 | D:3      | Noticed Natasha
  4314 | D:3      | Killed Natasha
  4376 | D:3      | Noticed Natasha
  4390 | D:3      | Killed Natasha
  4511 | D:4      | Found Texziu's Serpentskin Sales.
  4517 | D:4      | Reached skill level 9 in Unarmed Combat
  4534 | D:4      | Bought 2 curare-tipped darts for 13 gold pieces
  4718 | D:4      | Reached XP level 8. HP: 53/63 MP: 7/7
  4939 | D:5      | Reached skill level 10 in Unarmed Combat
  5583 | D:5      | Found a runed translucent door.
  5586 | D:5      | Noticed Pagrax's ghost (novice MiBe)
  5764 | D:5      | Found a runed translucent door.
  6050 | D:6      | Reached skill level 11 in Unarmed Combat
  6254 | D:6      | Identified the +4 mace of Aneefuc {antimagic, +Blink Int+4
                  | SInv}
  6319 | D:6      | Found a staircase to the Ecumenical Temple.
  6365 | Temple   | Entered the Ecumenical Temple
  6496 | Temple   | Became a worshipper of Ru the Awakened
  6999 | D:7      | Reached skill level 12 in Unarmed Combat
  6999 | D:7      | Reached XP level 9. HP: 67/70 MP: 8/8
  7016 | D:7      | Reached skill level 1 in Armour
  8018 | D:7      | Gained mutation: You cannot study or use magical devices.
                  | [Ru sacrifice]
  8018 | D:7      | Reached * piety under Ru
  8018 | D:7      | Reached ** piety under Ru
  8156 | D:7      | Found a burning altar of Makhleb.
  8172 | D:7      | Noticed Maggie
  8186 | D:7      | Killed Maggie
  8187 | D:7      | Reached skill level 13 in Unarmed Combat
  9072 | D:8      | Found a bloodstained altar of Trog.
  9392 | D:8      | Noticed Maurice
  9435 | D:8      | Killed Maurice
  9436 | D:8      | Reached XP level 10. HP: 15/77 MP: 9/9
  9916 | D:8      | Reached skill level 14 in Unarmed Combat
 10593 | D:8      | Found a shadowy altar of Dithmenos.
 10628 | D:8      | Reached skill level 5 in Armour
 10702 | D:8      | Found Archor's Antique Weapon Shop.
 10734 | D:8      | Gained mutation: You cannot be stealthy. [Ru sacrifice]
 10734 | D:8      | Reached *** piety under Ru
 10839 | D:8      | Found Nodur's Book Shop.
 10918 | D:8      | Found Horghorpha's Antique Weapon Emporium.
 11020 | D:8      | Found Ebaahuos's Antique Weapon Boutique.
 11129 | D:8      | Bought a jewelled hunting sling for 201 gold pieces
 11129 | D:8      | Identified the +5 hunting sling of Hospitality {vorpal, rF+
                  | Str+7} (You bought it in a shop on level 8 of the Dungeon)
 11610 | D:4      | Killed Gilette's ghost
 11801 | D:5      | Killed Pagrax's ghost
 12253 | D:9      | Identified the ring of Ycluvvin {rCorr MP+9}
 12275 | D:9      | Found an iron altar of Okawaru.
 12548 | D:9      | Found a basalt altar of Yredelemnul.
 12621 | D:9      | Found a sparkling altar of Nemelex Xobeh.
 12734 | D:9      | Reached skill level 15 in Unarmed Combat
 12839 | D:9      | Found Ohe Hea's Antique Weapon Boutique.
 12932 | D:10     | Entered Level 10 of the Dungeon
 12937 | D:10     | Reached skill level 5 in Fighting
 12963 | D:10     | Reached XP level 11. HP: 43/88 MP: 10/10
 13403 | D:10     | Noticed a centaur warrior
 13414 | D:10     | Killed a centaur warrior
 13548 | D:10     | Found a staircase to the Orcish Mines.
 13999 | D:10     | Reached skill level 16 in Unarmed Combat
 14739 | D:11     | Gained mutation: You are frail. (-10% HP) [Ru sacrifice]
 14739 | D:11     | Reached **** piety under Ru
 14739 | D:11     | Reached ***** piety under Ru
 14845 | D:11     | Found a staircase to the Lair.
 14882 | D:11     | Noticed a two-headed ogre
 14915 | D:11     | Killed a two-headed ogre
 14953 | D:11     | Found a gate leading to a gauntlet.
 14968 | Gauntlet | Entered a Gauntlet
 14968 | Gauntlet | Found a transporter.
 14968 | Gauntlet | Found a transporter.
 14968 | Gauntlet | Found a transporter.
 14968 | Gauntlet | Noticed a green death
 15143 | Gauntlet | Found a transporter.
 15144 | Gauntlet | Found a transporter.
 15147 | Gauntlet | Noticed a catoblepas
 15153 | Gauntlet | Found a transporter.
 15155 | Gauntlet | Noticed an obsidian statue
 15156 | Gauntlet | Found a transporter.
 15184 | Gauntlet | Found a transporter.
 15190 | Gauntlet | Found a transporter.
 15210 | Gauntlet | Found a transporter.
 15216 | Gauntlet | Found a transporter.
 15234 | Gauntlet | Found a transporter.
 15375 | Gauntlet | Killed a green death
 15426 | Gauntlet | Noticed a sun demon
 15426 | Gauntlet | Noticed a soul eater
 15431 | Gauntlet | Killed an obsidian statue
 15508 | Gauntlet | Noticed a minotaur
 15525 | Gauntlet | Killed a minotaur
 15526 | Gauntlet | Reached skill level 17 in Unarmed Combat
 15526 | Gauntlet | Reached XP level 12. HP: 21/92 MP: 11/11
 15537 | Gauntlet | Identified the +3 arbalest of the Badger {penet, rElec
                  | rPois SInv Stlth-}
 15665 | D:11     | Identified a scroll of acquirement
 15666 | D:11     | Acquired 707 gold pieces
 16325 | D:12     | Noticed a seven-headed hydra
 16433 | D:12     | Found a frozen archway.
 16448 | IceCv    | Entered an ice cave
 16755 | IceCv    | Found an ancient bone altar of Kikubaaqudgha.
 16948 | IceCv    | Reached skill level 10 in Fighting
 16998 | IceCv    | Identified the ring "Quqyrefa" {Ice Contam rElec rPois}
 17005 | IceCv    | Gained mutation: You cannot study or cast Fire magic. [Ru
                  | sacrifice]
 17005 | IceCv    | Gained mutation: You cannot study or cast Hexes magic. [Ru
                  | sacrifice]
 17005 | IceCv    | Gained mutation: You cannot study or cast Conjurations
                  | magic. [Ru sacrifice]
 17247 | D:12     | Noticed a two-headed ogre
 17257 | D:12     | Killed a two-headed ogre
 17258 | D:12     | Reached skill level 5 in Dodging
 17296 | D:12     | Noticed a centaur warrior
 17301 | D:12     | Killed a centaur warrior
 17302 | D:12     | Reached skill level 18 in Unarmed Combat
 17302 | D:12     | Reached XP level 13. HP: 81/102 MP: 12/12
 17368 | D:12     | Noticed a stone giant
 17406 | D:12     | Killed a stone giant
 17486 | Lair:1   | Entered Level 1 of the Lair of Beasts
 17580 | Lair:1   | Reached skill level 1 in Shields
 17610 | Lair:1   | You fall into a shaft and drop 1 floor!
 17613 | Lair:2   | Found a transporter.
 18770 | Lair:2   | Acquired the +0 cloak of Tuvom {Rampage rCorr Int+6}
 18794 | Lair:2   | Found a transporter.
 18827 | Lair:2   | Found a hole to the Spider Nest.
 18878 | Lair:2   | Noticed crabbyslav's ghost (journeyman MiHu)
 19211 | Lair:3   | Noticed Sonja
 19218 | Lair:3   | Killed Sonja
 19305 | Lair:3   | Gained mutation: Your magical capacity is low. (-10% MP)
                  | [Ru sacrifice]
 19305 | Lair:3   | Reached ****** piety under Ru
 19336 | Lair:3   | Found a shadowy altar of Dithmenos.
 19543 | Lair:3   | Reached skill level 5 in Shields
 19653 | Lair:3   | Reached skill level 19 in Unarmed Combat
 20022 | Lair:3   | Found a staircase to the Shoals.
 20217 | Lair:4   | Reached XP level 14. HP: 85/111 MP: 11/11
 21631 | Lair:5   | Noticed Snorg
 21642 | Lair:5   | Killed Snorg
 22120 | Lair:6   | Entered Level 6 of the Lair of Beasts
 22441 | Lair:6   | Found a staircase to the Slime Pits.
 22448 | Lair:6   | Reached skill level 20 in Unarmed Combat
 22716 | Lair:6   | Reached XP level 15. HP: 89/116 MP: 12/12
 23306 | Lair:6   | Found a runed translucent door.
 23875 | D:12     | Reached skill level 10 in Shields
 24667 | D:13     | Noticed Rupert
 24673 | D:13     | Paralysed by Rupert for 2 turns
 24791 | D:13     | Mangled by Rupert

Illustrated notes

Levels and vault maps discovered:
D:1:      eino_arrival_cavern_d, layout_rooms, ebering_ecumenical_altar_hall
D:2:      layout_basic, grunt_decor_junction, minmay_stone_trees_medium
D:3:      layout_loops_corners, evilmike_ruin_ashenzari, minivault_27,
          uniq_crazy_yiuf_cottage, uniq_purgy, uniq_natasha, uniq_jessica,
          uniq_sigmund
D:4:      layout_cave_pools, lemuel_round_altar, ebering_ghost_disaster_area,
          guppyfry_shop_venom
D:5:      black_bear_nest_1, layout_loops_ring, ebering_ghost_sewer_f,
          nicolae_ossuary_entry_giza, grunt_decor_resistance, sigmund_army
D:6:      layout_cave_pools, minmay_temple_entry_tees, kennysheep_generic_room_9
D:7:      layout_layer_cave, nicolae_overflow_crystal_walls, uniq_maggie
D:8:      kennysheep_housing_project, layout_basic,
          nicolae_overflow_hidden_temple, nicolae_dithmenos_shadow_blocks,
          serial_shops, nicolae_shop_statue_plus, nicolae_shop_trees,
          nicolae_shop_behind_doors, shop, uniq_maurice
D:9:      layout_roguey, lemuel_mausoleum_altar_yredelemnul,
          nemelex_spade_bored_becter, okawaru_trees_2, serial_shops,
          nicolae_shop_crystal
D:10:     layout_basic, elyvilon_altar_3, kennysheep_orc_monster_closet_entryway
D:11:     layout_cave_pools, erik_lair_island, gauntlet_entry_generic
D:12:     nzn_winding_woodlands_three_and_one [nzn_winding_woodlands_5x15_eye,
          nzn_winding_woodlands_5x15_twine,
          nzn_winding_woodlands_5x15_split_checker,
          nzn_winding_woodlands_center_pierced_h], layout_basic,
          portal_ice_cave_rime, st_stairs_2
D:13:     layout_rooms, uniq_kirke, uniq_rupert
Temple:   dshaligram_water_room_temple
Lair:1:   layout_concentric_octagons, beast_lair_carwin_10, lemuel_fruit_tree
Lair:2:   layout_layer_cave, spider_nest_entry_web_field,
          gammafunk_ghost_berserking_beasts, chequers_serial_rivers_micro_a,
          nzn_sisyphean_effort
Lair:3:   layout_roguey, minmay_shoals_entry_hut, basic_altar,
          infiniplex_staircase_pool_2, grunt_megastairs_4, uniq_sonja
Lair:4:   layout_cave_pods, beast_lair_carwin_1
Lair:5:   dpeg_oklob_gauntlet, layout_gridlike, chequers_serial_rivers_small_3,
          grunt_forest_large_clearing_hut, minmay_lair_oklob_chamber, uniq_snorg
Lair:6:   wormcave, layout_long_grid, minmay_slime_entry_pillars,
          grunt_megastairs_1

Skill      XL: |  1  2  3  4  5  6  7  8  9 10 11 12 13 14 15 |
---------------+----------------------------------------------+-----
Unarmed Combat | 3 4 5 6 8 9 12 13 15 17 18 19 20 | 20.7
Armour         | 4 5 6 |  6.9
Stealth        | 0 |  0.0
Fighting       | 5 8 10 11 | 11.0
Dodging        | 5 6 |  6.1
Shields        | 5 9 10 | 10.1

Action                   |  1- 3 |  4- 6 |  7- 9 | 10-12 | 13-15 || total
-------------------------+-------+-------+-------+-------+-------++-------
Melee: Unarmed           |   132 |   173 |   328 |   700 |   967 ||  2300
       Punch             |     2 |     7 |     9 |    64 |    98 ||   180
Throw: Throwing net      |       |     1 |       |       |       ||     1
       Dart              |       |       |       |     7 |       ||     7
Invok: Sacrifice Artific |       |       |     1 |       |       ||     1
       Sacrifice Stealth |       |       |       |     1 |       ||     1
       Sacrifice Health  |       |       |       |     1 |       ||     1
       Sacrifice Arcana  |       |       |       |     1 |       ||     1
       Sacrifice Essence |       |       |       |       |     1 ||     1
       Power Leap        |       |       |       |       |     2 ||     2
Evoke: Wand              |       |       |     1 |       |       ||     1
  Use: Scroll            |     2 |     3 |     2 |    11 |     9 ||    27
       Potion            |     1 |     1 |       |     3 |     6 ||    11
 Stab: Sleeping          |     2 |     2 |     5 |       |       ||     9
       Held in net/web   |       |     1 |       |       |       ||     1
       Distracted        |       |       |     2 |     3 |     4 ||     9
       Invisible         |       |       |       |     5 |     4 ||     9
       Paralysed         |       |       |       |     1 |    12 ||    13
Armor: Leather armour    |    10 |       |       |       |       ||    10
       Ring mail         |    30 |    54 |    93 |       |       ||   177
       Acid dragon scale |       |       |    14 |   203 |   156 ||   373
Dodge: Dodged            |    75 |    87 |   167 |   347 |   482 ||  1158

Table legend: (Time is in decaauts)
 A = Elapsed time spent in this place.
 B = Non-inter-level travel time spent in this place.
 C = Inter-level travel time spent in this place.
 D = Time resting spent in this place.
 E = Time spent auto-exploring this place.
 F = Levels seen in this place.
 G = Mean time per level.
                   A        B        C        D        E       F      G
               +--------+--------+--------+--------+--------+-----+--------+
         Total |  24208 |  22737 |   1471 |   3339 |  14613 |  23 | 1052.5 |
       Dungeon |  15844 |  14766 |   1078 |   1881 |  10268 |  13 | 1218.8 |
        Temple |    147 |    130 |     17 |      0 |    109 |   1 |  147.0 |
          Lair |   6046 |   5671 |    375 |    427 |   4045 |   6 | 1007.7 |
       Ossuary |    814 |    814 |      0 |    591 |      0 |   1 |  814.0 |
      Ice Cave |    746 |    746 |      0 |    184 |    186 |   1 |  746.0 |
      Gauntlet |    609 |    609 |      0 |    255 |      5 |   1 |  609.0 |
               +--------+--------+--------+--------+--------+-----+--------+

Top non-repeatable levels by time:
     D:8: 2253 daAuts
     D:7: 2004 daAuts
    D:10: 1721 daAuts
     D:3: 1475 daAuts
     D:5: 1460 daAuts
  Lair:6: 1451 daAuts
     D:2: 1286 daAuts
    D:12: 1222 daAuts
  Lair:4: 1059 daAuts
  Lair:3: 1041 daAuts
     D:6: 1028 daAuts
    D:11: 887 daAuts
  Lair:5: 845 daAuts
  Lair:1: 842 daAuts
 Ossuary: 814 daAuts
